 Dungeon Crawl Stone Soup version 0.25.1-4-g9407a263a5 (webtiles) character file.

Game seed: 14712807921724779177

63 Oninnaise the Sneak (level 4, 0/38 HPs)
             Began as a Gnoll Assassin on Nov 26, 2020.
             Killed from afar by an orc wizard (4 damage)
             ... with a puff of flame
             ... on level 3 of the Dungeon.
             The game lasted 00:08:55 (1996 turns).

Oninnaise the Sneak (Gnoll Assassin)                Turns: 1996, Time: 00:08:56

Health: 0/38       AC:  3    Str: 12 (14) XL:     4   Next: 10%
Magic:  5/5        EV: 17    Int: 10 (13) God:
Gold:   96         SH:  0    Dex: 15 (17) Spells: 5/5 levels left

rFire    . . .     SeeInvis .   a - +3 dagger
rCold    . . .     Gourm    .   (no shield)
rNeg     . . .     Faith    .   b - +0 robe
rPois    .         Spirit   .   (no helmet)
rElec    .         Reflect  .   c - +0 cloak
rCorr    .         Harm     .   (no gloves)
MR       +....                  (no boots)
Stlth    ++++......             (no amulet)
HPRegen  0.12/turn              g - +4 ring of evasion
MPRegen  0.09/turn              k - ring of protection from magic

@: stab, very slightly contaminated
A: distributed training, fangs 1, strong nose
a: no special abilities


You were on level 3 of the Dungeon.
You were not hungry.

You visited 1 branch of the dungeon, and saw 3 of its levels.

You collected 96 gold pieces.

Inventory:

Hand Weapons
 a - a +3 dagger (weapon)
Missiles
 d - 7 poisoned darts (quivered)
 e - 2 curare-tipped darts
 l - 4 datura-tipped darts
Armour
 b - a +0 robe (worn)
 c - a +0 cloak (worn)
Jewellery
 g - a +4 ring of evasion (left hand)
 h - a cursed -4 ring of dexterity {unknown}
 k - a ring of protection from magic (right hand)
Scrolls
 i - a scroll of immolation
 o - 2 scrolls of remove curse
Potions
 j - a potion of stabbing
Comestibles
 f - 4 rations
 m - 3 chunks of flesh


   Skills:
 + Level 4.6 Fighting
 + Level 4.6 Short Blades
 + Level 1.0 Long Blades
 + Level 1.0 Axes
 + Level 1.0 Maces & Flails
 + Level 1.0 Polearms
 + Level 1.0 Staves
 + Level 1.0 Slings
 + Level 1.0 Bows
 + Level 1.0 Crossbows
 + Level 4.6 Throwing
 + Level 1.0 Armour
 + Level 2.7 Dodging
 + Level 7.8 Stealth
 + Level 1.0 Shields
 + Level 1.0 Unarmed Combat
 + Level 1.0 Spellcasting
 + Level 0.7 Conjurations
 + Level 0.7 Hexes
 + Level 0.7 Charms
 + Level 0.7 Summonings
 + Level 0.7 Necromancy
 + Level 0.7 Translocations
 + Level 0.7 Transmutations
 + Level 0.7 Fire Magic
 + Level 0.7 Ice Magic
 + Level 0.7 Air Magic
 + Level 0.7 Earth Magic
 + Level 0.7 Poison Magic
 + Level 1.1 Invocations
 + Level 1.0 Evocations


You had 5 spell levels left.
You didn't know any spells.
Your spell library was empty.

Dungeon Overview and Level Annotations

Branches:
Dungeon (3/15)

Altars:


Innate Abilities, Weirdness & Mutations

Your experience applies equally to all skills.
You have very sharp teeth.
Your uncanny sense of smell can sniff out nearby items.


Message History

* * * LOW HITPOINT WARNING * * *
You closely miss the orc wizard.
The orc wizard is lightly wounded.
The orc wizard misses you.
Okay, then.
You hit the orc wizard.
The orc wizard is moderately wounded.
The orc wizard hits you but does no damage.
You miss the orc wizard.
You bite the orc wizard, but do no damage.
The orc wizard is moderately wounded.
You hit the orc wizard.
The orc wizard is heavily wounded.
The orc wizard hits you with a +0 dagger.
* * * LOW HITPOINT WARNING * * *
You hit the orc wizard.
The orc wizard is severely wounded.
The orc wizard points at you and mumbles some strange words.
The puff of flame hits you.
You die...

#.#####
#......g...># #.#
#..########## #.#
#..# #.# #.)# #.#
#..# #. ##### #..#
...# #..#
#######.####..###.#
........).)@o.....#
######.###########
#.# #.# #.#
#.#########
#..........
###########


You could see an orc wizard.

Vanquished Creatures
  An orc wizard (D:3)
  A leopard gecko (D:2)
  2 orcs (D:3)
  4 giant cockroaches
  5 goblins
  5 hobgoblins
  A kobold (D:1)
  A quokka (D:2)
  A bat (D:2)
  2 frilled lizards
  8 rats
31 creatures vanquished.

Notes
Turn   | Place    | Note
-------+----------+-------------------------------------------
     0 | D:1      | Oninnaise the Gnoll Assassin began the quest for the Orb.
     0 | D:1      | Reached XP level 1. HP: 20/20 MP: 1/1
     6 | D:1      | Noticed a rime drake
     6 | D:1      | Noticed a black mamba
     6 | D:1      | Noticed a crocodile
     6 | D:1      | Noticed a lindwurm
   370 | D:1      | Reached XP level 2. HP: 26/26 MP: 2/2
  1105 | D:2      | Reached XP level 3. HP: 27/31 MP: 3/3
  1944 | D:3      | Reached skill level 1 in Long Blades
  1944 | D:3      | Reached skill level 1 in Axes
  1944 | D:3      | Reached skill level 1 in Maces & Flails
  1944 | D:3      | Reached skill level 1 in Polearms
  1944 | D:3      | Reached skill level 1 in Staves
  1944 | D:3      | Reached skill level 1 in Slings
  1944 | D:3      | Reached skill level 1 in Bows
  1944 | D:3      | Reached skill level 1 in Crossbows
  1944 | D:3      | Reached skill level 1 in Armour
  1944 | D:3      | Reached skill level 1 in Shields
  1944 | D:3      | Reached skill level 1 in Unarmed Combat
  1944 | D:3      | Reached skill level 1 in Spellcasting
  1944 | D:3      | Reached skill level 1 in Invocations
  1944 | D:3      | Reached skill level 1 in Evocations
  1944 | D:3      | Reached XP level 4. HP: 13/38 MP: 3/5
  1996 | D:3      | Killed from afar by an orc wizard

Illustrated notes

Levels and vault maps discovered:
D:1:      onia_arrival_zoo_common, layout_loops_ring, serial_bayou_pond_c,
          minmay_cupped
D:2:      layout_basic, st_stairs_12
D:3:      layout_basic, old_standard_altar, chequers_ecumenical_altar_grove,
          uniq_ijyb

Skill      XL: |  1  2  3 |
---------------+----------+-----
Long Blades    | 1 |  1.0
Axes           | 1 |  1.0
Maces & Flails | 1 |  1.0
Polearms       | 1 |  1.0
Staves         | 1 |  1.0
Slings         | 1 |  1.0
Bows           | 1 |  1.0
Crossbows      | 1 |  1.0
Armour         | 1 |  1.0
Shields        | 1 |  1.0
Unarmed Combat | 1 |  1.0
Spellcasting   | 1 |  1.0
Invocations    | 1 |  1.1
Evocations     | 1 |  1.0
Fighting       | |  4.6
Short Blades   | |  4.6
Throwing       | |  4.6
Dodging        | |  2.7
Stealth        | |  7.8
Conjurations   | |  0.7
Hexes          | |  0.7
Charms         | |  0.7
Summonings     | |  0.7
Necromancy     | |  0.7
Translocations | |  0.7
Transmutations | |  0.7
Fire Magic     | |  0.7
Ice Magic      | |  0.7
Air Magic      | |  0.7
Earth Magic    | |  0.7
Poison Magic   | |  0.7

Action                   |  1- 3 |  4- 6 || total
-------------------------+-------+-------++-------
Melee: Dagger            |    78 |    15 ||    93
       Bite              |     5 |     1 ||     6
Throw: Dart              |     3 |       ||     3
  Use: Scroll            |    10 |       ||    10
       Potion            |     6 |     4 ||    10
 Stab: Sleeping          |     8 |     2 ||    10
  Eat: Ration            |     1 |       ||     1
Armor: Robe              |    14 |     1 ||    15
Dodge: Dodged            |    50 |    20 ||    70
